 Dungeon Crawl Stone Soup version 0.23.0-41-g86b089e62c (webtiles) character file.

Game seed: 5763871977123545564

49 Gargoyl the Skirmisher (level 3, 0/33 HPs)
             Began as a Centaur Abyssal Knight on Feb 28, 2019.
             Was a Follower of Lugonu.
             Killed from afar by a raiju (19 damage)
             ... with a living lightning
             ... on level 2 of the Abyss.
             The game lasted 00:00:33 (102 turns).

Gargoyl the Skirmisher (Centaur Abyssal Knight)      Turns: 102, Time: 00:00:33

Health: 0/33       AC:  4    Str: 14    XL:     3   Next: 51%
Magic:  4/4        EV:  9    Int: 11    God:    Lugonu [*.....]
Gold:   11         SH:  0    Dex:  9    Spells: 2/2 levels left

rFire    . . .     SeeInvis .   a - +2 hand axe
rCold    . . .     Gourm    .   (no shield)
rNeg     . . .     Faith    .   b - +0 leather armour
rPois    .         Spirit   .   (no helmet)
rElec    .         Reflect  .   (no cloak)
rCorr    .         Harm     .   (no gloves)
MR       .....                  (no barding)
Stlth    +.........             (no amulet)
HPRegen  0.11/turn              (no ring)
MPRegen  0.09/turn              (no ring)

@: very quick
A: large, hooves 3, deformed body, speed 2, tough skin 3
a: Depart the Abyss, Renounce Religion


You were on level 2 of the Abyss.
You worshipped Lugonu.
Lugonu was aware of your devotion.
You were not hungry.

You visited 0 branches of the dungeon, and saw 0 of its levels.
You visited the Abyss 1 time.

You collected 11 gold pieces.

Inventory:

Hand Weapons
 a - a +2 hand axe (weapon)
Armour
 b - a +0 leather armour (worn)
Wands
 d - a wand of paralysis (11)
Comestibles
 c - a ration


   Skills:
 + Level 3.8 Fighting
 + Level 2.1 Axes
 + Level 1.6 Armour
 + Level 0.6 Dodging
 + Level 0.6 Stealth
 + Level 2.2 Invocations


You had 2 spell levels left.
You didn't know any spells.
Your spell library was empty.

Dungeon Overview and Level Annotations

Branches:
Dungeon (0/15)

Altars:


Innate Abilities, Weirdness & Mutations

You have hooves in place of feet.
Armour fits poorly on your strangely shaped body.
You cover ground very quickly.
You have extremely tough skin. (AC +3)


Message History

As you read the scroll labeled RIYGUR YCUIPTY, it crumbles to dust.
You speak a Word of immense power!
It was a scroll of holy word.
Found a gateway leading deeper into the Abyss.
A starcursed mass comes into view.
A raiju comes into view.
The raiju barks!
You hear a bark! x2
The starcursed mass engulfs you!
You hear a bark!
Found a sack of spiders.
A raiju comes into view.
The raiju barks!
The starcursed mass shrieks in your mind.
A raiju comes into view. x2
The raiju bursts into living lightning!
The living lightning misses you.
The raiju blinks!
A starcursed mass splits.
You hit the raiju but do no damage. Your kick misses the raiju.
The raiju bursts into living lightning!
The living lightning misses you. The living lightning hits you!!
Ouch! That really hurt!
You die... ......##..##..##..# . ................. ... .##................ ... .##......#.....#. ..# ... ...###...## hh#

.....#.## ##.## #ยง## .#
.....###..X###h..##
.##......#....X#.....#..
................@....}..
.........#.....#.h...#..
.##.....###...###...##
.##..#. # ##.## #.## ..
. .# #... ..# ..... .
.#... ...# ..... ....
.#.. ..#.


You could see 2 starcursed masses and 4 raiju.

Vanquished Creatures
  A small abomination (Abyss:2)
1 creature vanquished.

Notes
Turn   | Place    | Note
-------+----------+-------------------------------------------
     0 | Abyss:1  | Gargoyl the Centaur Abyssal Knight began the quest for the
                  | Orb.
     0 | Abyss:1  | Reached XP level 1. HP: 19/19 MP: 2/2
    18 | Abyss:2  | Found a corrupted altar of Lugonu.
    28 | Abyss:2  | Noticed a small abomination
    51 | Abyss:2  | Killed a small abomination
    51 | Abyss:2  | Reached XP level 2. HP: 27/27 MP: 3/3
    51 | Abyss:2  | Reached XP level 3. HP: 33/33 MP: 4/4
    96 | Abyss:2  | Noticed a starcursed mass
    99 | Abyss:2  | Noticed a raiju
   100 | Abyss:2  | Noticed a raiju
   101 | Abyss:2  | Noticed a raiju
   101 | Abyss:2  | Noticed a raiju
   102 | Abyss:2  | Killed from afar by a raiju

Skill      XL: |  1 |
---------------+----+-----
Axes           | 2 |  2.1
Fighting       | |  3.8
Armour         | |  1.6
Dodging        | |  0.6
Stealth        | |  0.6
Invocations    | |  2.2

Action                   || total
-------------------------++-------
Melee: Hand axe          ||     6
       Kick              ||     3
Evoke: Wand              ||     2
  Use: Scroll            ||     3
 Stab: Paralysed         ||     5
Dodge: Dodged            ||     2
